Cogmind - Beta 11 @@@ ROGUE MODE // 2022.04.15 @ 13:43:17 Player: Red Box Result: Destroyed by D-53 Grenadier with Mini Grenade Launcher Performance ------------- Evolutions (0) 0 Regions Visited (2) 400 Robots Destroyed (25) 125 Value Destroyed (392) 392 Prototype IDs (4) 80 Alien Tech Used (0) 0 Bonus (0) 0 TOTAL SCORE: 997 Bonus ------- None Cogmind --------- Core Integrity 0/250 Matter 289/300 Energy 250/250 System Corruption 1% Temperature Cool (78) Movement Core (450) Ox8 Location -10/Mines Parts ------- > --- POWER (1) -------- Ion Engine > --- PROPULSION (2) --- (None) > --- UTILITY (2) ------ Large Storage Unit > --- WEAPON (2) ------- (None) > --- INVENTORY (15) --- Armored Wheel Armored Wheel Armored Wheel Armored Wheel Improved Heat Sink Large Storage Unit Improved Terrain Scanner Targeting Computer Medium Armor Plating Medium Armor Plating EM Pulse Gun Beam Rifle Beam Rifle Rocket Launcher Hammer Peak State ------------ > --- POWER ------------ Ion Engine > --- PROPULSION ------- Wheel Wheel > --- UTILITY ---------- Large Storage Unit Improved Terrain Scanner > --- WEAPON ----------- Beam Rifle Beam Rifle > --- INVENTORY -------- Ion Engine Wheel Armored Wheel Armored Wheel Improved Heat Sink Large Storage Unit Targeting Computer Medium Armor Plating EM Pulse Gun Beam Rifle Beam Rifle Grenade Launcher Hammer [Rating: 13] Favorites ----------- Power Ion Engine Engine Ion Engine Propulsion Wheel Leg Aluminum Leg Wheel Wheel Utility Improved Terrain Scanner Device Improved Terrain Scanner Storage Small Storage Unit Protection Medium Armor Plating Weapon Light Assault Rifle Energy Gun Beam Rifle Ballistic Gun Light Assault Rifle Launcher Rocket Launcher Impact Weapon Hammer Build | -11 -10 -10 ------- Run | Scr Mat Min Slots Evolved . | . . . Power . | . . . Propulsion . | . . . Utility . | . . . Weapon . | . . . Parts Attached 27 | 7 17 3 Power 2 | 1 1 . Engine 2 | 1 1 . Core . | . . . Reactor . | . . . Propulsion 7 | 2 4 1 Treads . | . . . Leg 2 | 2 . . Wheel 5 | . 4 1 Hover . | . . . Flight . | . . . Utility 4 | 2 2 . Device 1 | 1 . . Storage 2 | 1 1 . Processor . | . . . Hackware . | . . . Protection 1 | . 1 . Artifact . | . . . Weapon 14 | 2 10 2 Energy Gun 4 | . 3 1 Energy Cannon . | . . . Ballistic Gun 5 | 2 3 . Ballistic Cannon . | . . . Launcher 2 | . 1 1 Special Weapon . | . . . Impact Weapon 3 | . 3 . Slashing Weapon . | . . . Piercing Weapon . | . . . Special Melee Weapon . | . . . Unidentified Prototypes . | . . . Parts Lost 8 | . 2 6 Power 1 | . 1 . Propulsion 4 | . 1 3 Utility 1 | . . 1 Weapon 2 | . . 2 Highest Loss Streak 5 | . 2 5 To Critical Strikes . | . . . Average Slot Usage (%) 99 | . 99 94 Engine 13 | . 13 14 Wheel 27 | . 27 25 Device 12 | . 13 . Storage 14 | . 14 14 Protection 1 | . . 11 Energy Gun 3 | . 1 21 Ballistic Gun 19 | . 21 . Impact Weapon 4 | . 4 . Naked Turns . | . . . Heaviest Build 39 | 13 38 39 Greatest Support 20 | 20 20 20 Greatest Overweight (x) 8 | 3 1 8 Average Overweight (x) . | . . 1 Largest Inventory Capacity 15 | 8 15 15 Average Capacity 10 | 7 10 15 Most Carried 15 | 8 15 15 Average Carried 9 | 3 9 14 Final Capacity 15 | 8 15 15 Final Carried 15 | 8 15 15 Class Distribution -------------------- 100% | Mutant Dominant Class ---------------- Mutant | -10/Materials Mutant | -10/Mines Resources | -11 -10 -10 ----------- Run | Scr Mat Min Matter Collected 576 | 269 212 95 Remotely . | . . . Salvage Created 535 | 49 385 101 Parts 36 | 5 18 13 Haulers Intercepted 2 | . 2 . Recyclers Shooed . | . . . Parts Field Recycled . | . . . Retrieved Matter . | . . . Parts Self-Destructed . | . . . Prevented . | . . . Kills | -11 -10 -10 ------- Run | Scr Mat Min Combat Hostiles Destroyed 15 | . 7 8 Melee 1 | . 1 . Guns 10 | . 3 7 AOE 3 | . 2 1 Classes Destroyed 8 | 1 5 2 Worker 1 | . . 1 Builder 2 | . 2 . Tunneler 2 | 2 . . Hauler 2 | . 2 . Watcher 3 | . 3 . Swarmer 10 | . 3 7 Grunt 4 | . 4 . Demolisher 1 | . . 1 Best Kill Streak 4 | 1 3 4 Combat Bots Only 3 | . 3 3 Max Kills in Single Turn 2 | 1 2 2 Gunslinging 1 | . . 1 Exploded 2 | . 2 1 Melee 1 | . 1 . Uniques/NPCs Destroyed . | . . . Combat | -11 -10 -10 -------- Run | Scr Mat Min Damage Taken 1082 | . 453 629 Core 252 | . 100 152 Absorbed by Shields . | . . . Core Remaining (%) 100 | 100 . . Volleys Fired 68 | 14 36 18 Largest 2 | 2 2 2 Hottest 112 | 40 50 112 Shots Fired 132 | 28 71 33 Gun 128 | 28 68 32 Cannon . | . . . Launcher 4 | . 3 1 Special . | . . . Kinetic 96 | 28 68 . Thermal 32 | . . 32 Explosive 4 | . 3 1 Electromagnetic . | . . . Robot Hit Streak 17 | 5 17 3 Robot Miss Streak 8 | 2 8 4 Penetration Max . | . . . Secondary Targets 3 | . . 3 Max Gunslinging Chain 1 | . . 1 Shots Hit Robots 91 | 19 56 16 Core Hits 37 | 6 21 10 Critical Kills 1 | . 1 . Critical Parts Destroyed 1 | . 1 . Critical Strikes 3 | . 2 1 Burn 1 | . . 1 Destroy 1 | . 1 . Smash 1 | . 1 . Melee Attacks 33 | . 33 . Impact 33 | . 33 . Slashing . | . . . Piercing . | . . . Sneak Attacks 4 | . 4 . Combat Hostiles 1 | . 1 . Follow-up Attacks . | . . . Damage Inflicted 1370 | 147 857 366 Guns 713 | 147 346 220 Cannons . | . . . Explosions 304 | . 158 146 Melee 353 | . 353 . Ramming . | . . . Kinetic 493 | 147 346 . Thermal 220 | . . 220 Explosive 304 | . 158 146 Electromagnetic . | . . . Impact 353 | . 353 . Slashing . | . . . Piercing . | . . . Highest Corruption 1 | . 1 1 Average Corruption 1 | . 1 1 Corruption Purged . | . . . Corruption Blocked . | . . . Effects 5 | . 5 . Matter Fused 2 | . 2 . Data Loss (minor) 2 | . 2 . Misfires 1 | . 1 . Overload Shots . | . . . Overflow Damage 61 | . 61 . Projectiles . | . . . Explosions 21 | . 21 . Melee 40 | . 40 . Knockbacks 1 | . 1 . Impact 1 | . 1 . Kinetic . | . . . Secondary . | . . . Self-Inflicted Damage 53 | . 28 25 Shots 3 | . 2 1 Rammed . | . . . Targets Rammed . | . . . Kicked . | . . . Crushed . | . . . Highest Temperature 300 | . 18 300 Average Temperature 110 | . 9 134 Received Heat Transfer 264 | . 264 . Siege Activations . | . . . Robots Corrupted . | . . . Combat Hostiles . | . . . Parts Fried 5 | . 5 . Impact Corruptions 3 | . 3 . Robots Melted . | . . . Combat Hostiles . | . . . Parts Melted 2 | . . 2 Heat Transferred 629 | . . 629 Parts Sabotaged . | . . . Parts Stolen . | . . . Parts Stripped . | . . . Power Chain Reactions . | . . . Missiles Intercepted . | . . . Alert | -11 -10 -10 ------- Run | Scr Mat Min Peak Influence 250 | 10 196 250 Initial 45 | . 6 45 Average 79 | 3 77 146 Maximum Alert Level 1 | . . 1 Low Security (%) 96 | 100 100 67 Level 1 3 | . . 32 Level 2 . | . . . Level 3 . | . . . Level 4 . | . . . Level 5 . | . . . High Security . | . . . Max Security . | . . . Squads Dispatched 2 | . 2 . Investigation 2 | . 2 . Extermination . | . . . Reinforcement . | . . . Assault . | . . . Garrison . | . . . Intercept . | . . . Searches Triggered . | . . . Construction Impeded . | . . . Haulers Reinforced . | . . . Active Scanning Responses . | . . . Cargo Convoy Interrupts . | . . . Stealth | -11 -10 -10 --------- Run | Scr Mat Min Distress Signals 1 | . 1 . Communications Jammed . | . . . Distress Signals . | . . . Times Spotted 31 | . 21 10 Peak Tracking Total 3 | . 3 3 Tactical Retreats 2 | . 1 1 Traps | -11 -10 -10 ------- Run | Scr Mat Min Traps Triggered 2 | . 2 . Indirectly . | . . . Trap Hack Attempts . | . . . Triggered . | . . . Disarmed . | . . . Reprogrammed . | . . . Reused . | . . . Traps Extracted . | . . . Installed . | . . . Triggered . | . . . Machines | -11 -10 -10 ---------- Run | Scr Mat Min Machines Disabled . | . . . Max in Single Turn . | . . . Machines Sabotaged . | . . . Garrisons Compromised . | . . . Overloaded Fab Kills . | . . . Hacking | -11 -10 -10 --------- Run | Scr Mat Min Machines Accessed 9 | . 9 . Terminals 7 | . 7 . Fabricators . | . . . Repair Stations . | . . . Recycling Units 2 | . 2 . Scanalyzers . | . . . Garrison Access . | . . . Total Hacks 27 | . 27 . Successful 20 | . 20 . Failed 7 | . 7 . Catastrophic 2 | . 2 . Database Lockouts . | . . . Manual 20 | . 20 . Terminals 19 | . 19 . Fabricators . | . . . Repair Stations . | . . . Recycling Units 8 | . 8 . Scanalyzers . | . . . Garrison Access . | . . . Terminal Hacks 6 | . 6 . Prototype ID Bank 2 | . 2 . Terminal Index 1 | . 1 . Fabricator Index 1 | . 1 . Locate Traps 2 | . 2 . Fabricator Hacks . | . . . Repair Station Hacks . | . . . Recycling Unit Hacks 2 | . 2 . Retrieve Components 2 | . 2 . Scanalyzer . | . . . Garrison Access Hacks . | . . . Unauthorized Hacks 12 | . 12 . Terminals 8 | . 8 . Track 2 | . 2 . Assimilate 3 | . 3 . Botnet 2 | . 2 . Operators 1 | . 1 . Fabricators . | . . . Repair Stations . | . . . Recycling Units 4 | . 4 . Monitor 1 | . 1 . Reject 2 | . 2 . Recyclers 1 | . 1 . Scanalyzers . | . . . Garrison Access . | . . . Data Cores Recovered . | . . . Used . | . . . Hacking Detections 9 | . 9 . Full Trace Events 1 | . 1 . Feedback Events . | . . . Feedback Blocked . | . . . Robot Schematics Acquired . | . . . Robots Built . | . . . Authchips . | . . . Time . | . . . Total Robot Build Rating . | . . . Part Schematics Acquired . | . . . Parts Built . | . . . Authchips . | . . . Time . | . . . Total Part Build Rating . | . . . Parts Repaired . | . . . Time . | . . . Parts Recycled . | . . . Recycled Matter . | . . . Retrieved Matter . | . . . Retrieved Components 8 | . 8 . Parts Scanalyzed . | . . . Part Schematics Acquired . | . . . Parts Damaged . | . . . Bothacking | -11 -10 -10 ------------ Run | Scr Mat Min Used RIF Installer . | . . . Robots Hacked . | . . . Non-combat . | . . . Combat . | . . . Robot Hacks Applied . | . . . Relay Couplers Released . | . . . Fabnet Peak Effective % . | . . . Robots Rewired . | . . . Allies Hacked . | . . . Hacks Repelled . | . . . Allies | -11 -10 -10 -------- Run | Scr Mat Min Total Allies 1 | . 1 . Largest Group 1 | . 1 1 Highest-Rated Group 10 | . 10 10 Highest-Rated Ally 10 | . 10 10 Total Orders 2 | . 2 . STAY 1 | . 1 . FOLLOW 1 | . 1 . Ally Attacks . | . . . Total Damage . | . . . Kills . | . . . Allies Corrupted . | . . . Allies Melted . | . . . Intel | -11 -10 -10 ------- Run | Scr Mat Min Robot Analysis Total . | . . . Derelict Logs Recovered . | . . . Drone Launches . | . . . Drone Recoveries . | . . . Exploration | -11 -10 -10 ------------- Run | Scr Mat Min Turns Passed 2021 | 123 1707 191 Spaces Moved 1202 | 54 1010 138 Core 19 | 18 . 1 Treads . | . . . Legs 46 | 36 10 . Wheels 1137 | . 1000 137 Hover . | . . . Flight . | . . . Fastest Speed 50 | 50 80 95 Average Speed 90 | 126 87 98 Slowest Speed 450 | 200 120 450 Overloaded Moves . | . . . Propulsion Burnouts . | . . . Robots Hopped . | . . . Cave-ins Triggered . | . . . Exploration Rate (%) 46 | 5 98 36 Regions Visited 2 Branch Regions 1 Pre-discovered Areas . | . . . Known Exits Taken . | . . . Unknown Exits Taken 2 | 1 1 . Scrap Searched . | . . . Spaces Dug 7 | . 7 . Terrain Destroyed 43 | . 32 11 Melee 7 | . 7 . Projectile . | . . . AOE 36 | . 25 11 Terrain Rammed . | . . . Walls Destroyed . | . . . Machines Disabled . | . . . Actions | -11 -10 -10 --------- Run | Scr Mat Min Total 1959 | 82 1716 161 Wait 593 | . 593 . Move 1200 | 53 1009 138 Hop . | . . . Pick Up 27 | 8 18 1 Fast Attach 8 | 7 . 1 Attach 4 | . 4 . Detach . | . . . Swap 15 | . 13 2 Drop 11 | . 10 1 Fire 68 | 14 36 18 Melee 33 | . 33 . Ram . | . . . Kick . | . . . Crush . | . . . Escape Stasis . | . . . Rewire . | . . . Trap . | . . . Miscellaneous . | . . . Route ------- -11/Scrapyard -10/Materials (discovered 5 exits: [*Mat x3] / [*Min x2]) -10/Mines (discovered 1 exit: [*Mat]) History --------- Turn | Location | Event 29 | -11/Scrapyard | Discovered new exit (range 14) 124 | -11/Scrapyard | Entered Materials 306 | -10/Materials | Build established: Mutant 758 | -10/Materials | Discovered new exit (range 8) 994 | -10/Materials | Discovered new exit (range 7) 1008 | -10/Materials | Discovered new exit (range 15) 1396 | -10/Materials | Discovered new exit (range 4) 1780 | -10/Materials | Discovered new exit (range 12) 1831 | -10/Materials | Entered Mines 1831 | -10/Mines | Accompanied by 1 ally 1841 | -10/Mines | Discovered new exit (range 8) 1842 | -10/Mines | Received a Rocket Launcher from a helpful Derelict 2004 | -10/Mines | Assembled infested the area 2013 | -10/Mines | Core integrity fell below 50% 2022 | -10/Mines | Destroyed by D-53 Grenadier with Mini Grenade Launcher Last Messages --------------- 01959_ Switching to secondary target: S-10 Pest. 01959_ S-10 Pest destroyed. 01962_ Acquired 19 matter. 01963_ Acquired 12 matter. 01991_ Med. Armor Plating destroyed. 01992_ S-10 Pest destroyed. 01996_ Acquired 13 matter. 02004_ ALERT: Infestation in the mines, dispatching Demolisher response squad. 02012_ C-30 ARC bursts open, deploying its payload. 02012_ D-53 Grenadier unfolds itself. 02012_ Wheel destroyed. 02012_ T-07 Excavator destroyed. 02015_ The unstable cave ceiling collapses. 02016_ Wheel destroyed. 02016_ Beam Rifle destroyed. 02018_ The unstable cave ceiling collapses. 02018_ D-53 Grenadier destroyed. 02020_ The unstable cave ceiling collapses. 02020_ Beam Rifle destroyed. Map ----- +----------------------------------------------------+ | ??????????????????????????????????# ##?????? | | ??????????????????????????????????# ##????? | | ??????????????????????????????????## ## #????? | | ???????????????????????????????????###### #????? | | ???????????????????????????????????????## ##???? | | ???????????????????????????????????????# ##### | | ???????????????????????????????????????# | | ???????????????????????????????????????## | | ????????????????????????????????????????#### """ | | ???????????????????????????????####????????## """ | | ??????????????????????????????? #????????## """ | | ??????????????????????????????? #????????# | | ???????????????????????????????# ########## # | | ???????????????????????????????# #### | | ???????????????????????????????# #?######### #??? | | ???????????????????????????????# #?????????# #??? | | ???????????????????????????????# #?????????# #??? | | ???????????????????# ########### #?????????# #??? | | ???????????????????# #####?????# #??? | | ???????????????????##### #### * = #?????# #??? | | ????????????????????## ##?# ### ####### #??? | | ???????????????????## #?# #?# #??? | | ???????????????????# #?# #?# #########??? | | ???????????????????# #?# #?# #??????????? | | ???????????????????# # #?# #??????????? | | ???????????????????# @ #?# #??????????? | | ???????????????????# ## #??????????? | | ????????????????t d ## ############ | | ???????????????## # # ### | | ????????????????# ######## ###?############## | | ????????????????# ???????? #????????????????? | | ????????????????## ??????? #????????????????? | | ?????????????????## ???????? ?????????????????? | | ??????????????????###?????????? ?????????????????? | | ?????????????????????????????????????????????????? | | ?????????????????????????????????????????????????? | | ?????????????????????????????????????????????????? | | ?????????????????????????????????????????????????? | | ?????????????????????????????????????????????????? | | ?????????????????????????????????????????????????? | | ?????????????????????????????????????????????????? | | ?????????????????????????????????????????????????? | | ?????????????????????????????????????????????????? | | ?????????????????????????????????????????????????? | | | | | | | | | | | | | +----------------------------------------------------+ Best States ------------- Heat Dissipation 25 Energy Generation 10 Energy Capacity 250 Matter Stores 300 Matter Capacity 300 Sight Range 16 Terrain Scan Range 16 Terrain Scan Density 10 Armor Coverage 225 Evasion (%) 55 Item Schematics ----------------- None Robot Schematics ------------------ None Fabricated ------------ Nothing Alien Tech Used ----------------- None Achievements -------------- None Challenges ------------ None Game ------ Seed SmallNeutronReactor Manual? 0 Play Time 00:16:59 Cumulative 302.2 hours Start 2022.04.15 @ 13:25:47 End 2022.04.15 @ 13:43:17 Sessions 1 Manual Loads 0 Difficulty Rogue Special Mode None Game No. 250 Rogue 250 Adventurer 0 Explorer 0 Win Type - Total 0 Types 0/0/0/0/0/0/0/0/0 Lore% 55 Gallery% 60 Achievement% 44 Wizard Run 0 Options --------- ASCII 0 Keyboard 0 Movement Mouse Keybinds 0 Fullscreen 1 Font 16/SmallcapsGlow Map View 75x55 Tactical HUD 1 Map Filters NONE Filters NONE Steam 1 RUN: 1f790723-ca7a-49c3-a3e4-84d2052aa932